 Dungeon Sprint DCSS version 0.30.1 (webtiles) character file.

Game seed: 10337881565365600429

1640 boopmooplesden the Stickfighter (level 11, -2/78 HPs)
             Began as a Gargoyle Gladiator on July 10, 2023.
             Was the Champion of Trog.
             Slain by a wolf spider (10 damage)
             ... in the Dungeon (Sprint VI: "Thunderdome").
             The game lasted 00:05:29 (1085 turns).

boopmooplesden the Stickfighter (GrGl)              Turns: 1085, Time: 00:05:29

Health: -2/78      AC: 15    Str: 24    XL:     11   Next: 29%
Magic:  29/29      EV: 18    Int: 17    God:    Trog [******]
Gold:   141        SH:  0    Dex: 17    Spells: 10/10 levels left

rFire   + . .        t - +5 quarterstaff (heavy)
rCold   + . .        (shield currently unavailable)
rNeg    + + +        s - +0 leather armour of Resilience {rC+ Str-3 SInv}
rPois   ∞            w - +0 hat "Zuysocoga" {rElec MP+9}
rElec   +            u - +1 cloak of Geywo {Harm rPois Str+2 Dex+3}
rCorr   .            (no gloves)
SInv    +            x - +0 pair of boots "Fuyn" {Int+2 Dex+3}
Will    +....        q - amulet "Kisud" {Faith rF+ MP+9}
Stlth   +++          r - ring "Miuggath" {rN+ Will+ Str+3 Int+3}
HPRegen 0.33/turn    p - ring of Rikalat {rN+ Int+3 Stlth+}
MPRegen 0.21/turn

%: no teleportation, harm (+30% outgoing, +20% incoming), faith
@: on berserk cooldown, slowed, very slow
A: sickness immunity, AC +8, negative energy resistance 1, electricity
resistance, torment resistance 1, petrification resistance
}: 1/15 runes: serpentine
a: Renounce Religion, Berserk, Trog's Hand, Brothers in Arms


You were in the Dungeon.
You worshipped Trog.
Trog was exalted by your worship.
You visited 1 branch You collected 1500 gold pieces.
You spent 1359 gold pieces at shops.

Inventory:

Hand Weapons
 a - a +0 quarterstaff
 t - a +5 heavy quarterstaff (weapon)
Missiles
 d - 3 throwing nets (quivered)
 e - a javelin
Armour
 b - a +0 leather armour
 c - a +0 helmet
 s - the +0 leather armour of Resilience (worn) {rC+ Str-3 SInv}
   (You bought it in a shop in the Dungeon)

   Str:       It affects your strength (-3).
   rC:        It protects you from cold.
   SInv:      It lets you see invisible.
 u - the +1 cloak of Geywo (worn) {Harm rPois Str+2 Dex+3}
   (You bought it in a shop in the Dungeon)

   Str:       It affects your strength (+2).
   Dex:       It affects your dexterity (+3).
   rPois:     It protects you from poison.
   Harm:      It increases damage dealt and taken.
 w - the +0 hat "Zuysocoga" (worn) {rElec MP+9}
   (You bought it in a shop in the Dungeon)

   rElec:     It insulates you from electricity.
   MP:        It affects your magic capacity (+9).
 x - the +0 pair of boots "Fuyn" (worn) {Int+2 Dex+3}
   (You bought it in a shop in the Dungeon)

   Int:       It affects your intelligence (+2).
   Dex:       It affects your dexterity (+3).
Jewellery
 p - the ring of Rikalat (right hand) {rN+ Int+3 Stlth+}
   (You bought it in a shop in the Dungeon)

   [ring of positive energy]

   Int:       It affects your intelligence (+3).
   rN:        It protects you from negative energy.
   Stlth:     It makes you more stealthy.
 q - the amulet "Kisud" (around neck) {Faith rF+ MP+9}
   (You bought it in a shop in the Dungeon)

   [amulet of faith]

   It allows you to gain divine favour quickly.
   rF:        It protects you from fire.
   MP:        It affects your magic capacity (+9).
 r - the ring "Miuggath" (left hand) {rN+ Will+ Str+3 Int+3}
   (You bought it in a shop in the Dungeon)

   [ring of positive energy]

   Str:       It affects your strength (+3).
   Int:       It affects your intelligence (+3).
   rN:        It protects you from negative energy.
   Will:      It increases your willpower.
 v - a +6 ring of strength
Wands
 m - a wand of light (5)
 n - a wand of roots (5)
Scrolls
 k - 4 scrolls of blinking
 o - 3 scrolls of fog
Potions
 f - a potion of curing
 g - 3 potions of heal wounds
 h - 3 potions of haste
 i - 2 potions of magic
 j - a potion of berserk rage
 l - a potion of resistance


   Skills:
 + Level 13.3 Fighting
 + Level 17.6 Staves
 + Level 5.9 Throwing
 + Level 6.6 Armour
 + Level 11.0 Dodging
 + Level 2.0 Stealth


You had 10 spell levels left.
You didn't know any spells.
Your spell library was empty.

Dungeon Overview and Level Annotations

Branches:
Dungeon (1/1)

Altars:
Cheibriados
Dithmenos
Fedhas
Gozag
Kikubaaqudgha
Makhleb
Okawaru
Qazlal
Ru
Sif Muna
Trog
Uskayaw
Vehumet
Wu Jian
Xom
Yredelemnul
Zin
The Shining One
Lugonu

Shops:
D *[??*?*:[((!!!!


Innate Abilities, Weirdness & Mutations

You are immune to sickness and miasma.
Your stone body is resilient. (AC +8)
You are immune to poison.
You resist negative energy. (rN+)
You are resistant to electric shocks. (rElec)
You are resistant to unholy torment.
You are immune to petrification.


Message History

The tarantella is almost dead.
You miss the tarantella.
The tarantella is almost dead.
The tarantella touches you!
* * * LOW HITPOINT WARNING * * *
A redback comes into view.
You flatten the tarantella like a pancake!!!
You kill the tarantella!
Trog accepts your kill.
The jumping spider leaps!
Your Fighting skill increases to level 13!
You bludgeon the wolf spider!!
The wolf spider is severely wounded.
The wolf spider hits you!
* * * LOW HITPOINT WARNING * * *
The wolf spider bites you.
* * * LOW HITPOINT WARNING * * *
You thump the wolf spider!
You kill the wolf spider!
Trog accepts your kill.
Your Dodging skill increases to level 11!
Your Stealth skill increases to level 2!
You see here a redback corpse.
Okay, then.
You feel a strong urge to attack something.
You feel your anger nearly subside.
You are no longer berserk.
You are exhausted.
You feel yourself slow down.
Your iron troll goes berserk!
A steelbarb worm comes into view.
The wolf spider closely misses you. The wolf spider barely misses you.
The jumping spider leaps!
An orb spider comes into view.
The wolf spider hits you but does no damage.
The wolf spider bites you.
* * * LOW HITPOINT WARNING * * *
The steelbarb worm moves out of view.
The wolf spider attacks as you move away!
The wolf spider hits you!
You die...

##.......[[[...###..........
#⌠......[)).###...###.......
#⌠..[.[)....# #.<.# #.......
#⌠..........###†..###.......
##.............###†.........
###∩........8†# #.8........
##∩___....s.###s..†..__.∩
######T8s........8.#####
#⌠@......[...⌠#
###.s.......### #_......._#
#_......._# #_........#
#∩.......∩# ##∩.....∩##
##.....## ##⌠⌠⌠##


You could see a wolf spider (ally target), an orb spider (wandering), a jumping
spider, a redback and a friendly iron troll (summoned, berserk).

Vanquished Creatures
  A naga warrior (D)
  A two-headed ogre (D)
  A wolf spider (D)
  3 orc knights (D)
  An orc sorcerer (D)
  A demonic crawler (D)
  A rime drake (D)
  2 queen bees (D)
  A tarantella (D)
  A water elemental (D)
  2 redbacks (D)
  A warg (D)
  A water moccasin (D)
  An orc warrior (D)
  2 ice beasts (D)
  3 phantoms (D)
  3 necrophages (D)
  3 scorpions (D)
  A wight (D)
  6 killer bees (D)
  2 orc wizards (D)
  An adder skeleton (D)
  A bat skeleton (D)
  2 ball python simulacra (D)
  A ball python skeleton (D)
  A bat simulacrum (D)
  A giant cockroach zombie (D)
  A quokka skeleton (D)
46 creatures vanquished.

Notes
Turn   | Place    | Note
-------+----------+-------------------------------------------
     0 | D        | boopmooplesden the Gargoyle Gladiator began the quest for
                  | the Orb.
     0 | D        | Reached XP level 1. HP: 12/12 MP: 1/1
     3 | D        | Found an ancient bone altar of Kikubaaqudgha.
     3 | D        | Found a stormy altar of Qazlal.
     4 | D        | Found a bloodstained altar of Trog.
     5 | D        | Found a shadowy altar of Dithmenos.
     5 | D        | Round 1.
     6 | D        | Found a glowing silver altar of Zin.
     6 | D        | Found an ornate altar of the Wu Jian Council.
     6 | D        | Found Dowuom's Identification Station.
     7 | D        | Found Evogu's Jewellery.
     7 | D        | Found Foupairou's Advanced Armour.
    15 | D        | Bought a sparkling golden ring for 45 gold pieces
    15 | D        | Identified the ring of Rikalat {rN+ Int+3 Stlth+} (You
                  | bought it in a shop in the Dungeon)
    15 | D        | Bought a smoking platinum amulet for 45 gold pieces
    15 | D        | Identified the amulet "Kisud" {Faith rF+ MP+9} (You bought
                  | it in a shop in the Dungeon)
    15 | D        | Bought a shimmering copper ring for 45 gold pieces
    15 | D        | Identified the ring "Miuggath" {rN+ Will+ Str+3 Int+3} (You
                  | bought it in a shop in the Dungeon)
    23 | D        | Noticed a scorpion
    29 | D        | Found a radiant altar of Vehumet.
    30 | D        | Found Wala's Magic Scroll Shop.
    37 | D        | Noticed a scorpion
    38 | D        | Killed a scorpion
    39 | D        | Reached skill level 5 in Staves
    39 | D        | Reached XP level 2. HP: 12/20 MP: 2/2
    39 | D        | Reached XP level 3. HP: 15/24 MP: 3/3
    39 | D        | Reached XP level 4. HP: 18/29 MP: 3/4
    40 | D        | Found a snail-covered altar of Cheibriados.
    40 | D        | Found a hide-covered altar of Uskayaw.
    40 | D        | Found Okuthuli's Staff Store.
    40 | D        | Found Soetiff's Magic Scroll Shop.
    40 | D        | Found Ethulenk's Must-Have Magic.
    40 | D        | Noticed a redback
    43 | D        | Killed a scorpion
    44 | D        | Reached skill level 6 in Staves
    44 | D        | Reached skill level 5 in Dodging
    44 | D        | Reached XP level 5. HP: 20/33 MP: 3/5
    48 | D        | Killed a redback
    49 | D        | Reached skill level 5 in Fighting
    49 | D        | Reached skill level 8 in Staves
    49 | D        | Reached skill level 1 in Armour
    49 | D        | Reached XP level 6. HP: 11/40 MP: 4/6
    66 | D        | Noticed a water moccasin
    67 | D        | Found an opulent altar of Gozag.
    67 | D        | Found a shimmering blue altar of Sif Muna.
    68 | D        | Found a shimmering altar of Xom.
    68 | D        | Found a corrupted altar of Lugonu.
    75 | D        | Found a sacrificial altar of Ru.
    85 | D        | Killed a water moccasin
    86 | D        | Reached skill level 9 in Staves
    88 | D        | Arena points: 12 (+12) [x2]
    89 | D        | Found a basalt altar of Yredelemnul.
    95 | D        | Found a glowing golden altar of the Shining One.
    96 | D        | Found Konarph's Do-It-Yourself Clinic.
    96 | D        | Found Xukloon's Distillery.
    97 | D        | Found Veothros's Bottled Wisdom.
    97 | D        | Found Teecziz's Distillery.
    99 | D        | Found Ysoc's Weapon Rack.
   100 | D        | Found Oloipt's Basic Armour.
   100 | D        | Found Ikhinn's Miscellaneous Merchandise.
   101 | D        | Found a burning altar of Makhleb.
   101 | D        | Found an iron altar of Okawaru.
   101 | D        | Found a blossoming altar of Fedhas.
   101 | D        | Found Cerasabi's Premium Goods.
   126 | D        | Became a worshipper of Trog the Wrathful
   154 | D        | Round 2.
   207 | D        | Reached * piety under Trog
   208 | D        | Reached skill level 10 in Staves
   208 | D        | Reached XP level 7. HP: 46/46 MP: 7/7
   249 | D        | Reached ** piety under Trog
   250 | D        | Reached skill level 11 in Staves
   263 | D        | Arena points: 54 (+42) [x3]
   286 | D        | Round 3.
   298 | D        | Reached *** piety under Trog
   299 | D        | Reached XP level 8. HP: 53/53 MP: 8/8
   306 | D        | Reached **** piety under Trog
   309 | D        | Arena points: 138 (+84) [x4]
   326 | D        | Bought a smoking leather armour for 245 gold pieces
   326 | D        | Identified the +0 leather armour of Resilience {rC+ Str-3
                  | SInv} (You bought it in a shop in the Dungeon)
   352 | D        | Round 4.
   357 | D        | Noticed a rime drake
   368 | D        | Killed a rime drake
   369 | D        | Reached skill level 12 in Staves
   369 | D        | Reached skill level 5 in Throwing
   411 | D        | Reached ***** piety under Trog
   417 | D        | Received a gift from Trog
   429 | D        | Noticed a water elemental
   459 | D        | Killed a water elemental
   459 | D        | Arena points: 298 (+160) [x5]
   460 | D        | Reached skill level 13 in Staves
   485 | D        | Round 5.
   487 | D        | Noticed a naga warlord
   503 | D        | Noticed a naga sharpshooter
   508 | D        | Killed a naga warlord
   508 | D        | Arena points: 578 (+280) [x7]
   509 | D        | Reached skill level 14 in Staves
   509 | D        | Reached XP level 9. HP: 21/61 MP: 9/9
   511 | D        | Got a serpentine rune of Zot
   515 | D        | Reached skill level 10 in Fighting
   515 | D        | Reached skill level 5 in Armour
   515 | D        | Reached XP level 10. HP: 17/68 MP: 10/10
   695 | D        | Round 6.
   842 | D        | Reached skill level 15 in Staves
   875 | D        | Arena points: 1010 (+432) [x8]
   876 | D        | Reached skill level 10 in Dodging
   892 | D        | Round 7.
   901 | D        | Noticed an orc knight
   908 | D        | Reached ****** piety under Trog
   909 | D        | Noticed a two-headed ogre
   910 | D        | Noticed an orc knight
   917 | D        | Killed an orc knight
   917 | D        | Received a gift from Trog
   920 | D        | Killed a two-headed ogre
   921 | D        | Reached skill level 16 in Staves
   921 | D        | Reached skill level 1 in Stealth
   926 | D        | Killed an orc knight
   971 | D        | Noticed an orc sorcerer
   981 | D        | Reached XP level 11. HP: 71/76 MP: 11/11
   982 | D        | Killed an orc sorcerer
   982 | D        | Received a gift from Trog
   990 | D        | Noticed an orc knight
  1005 | D        | Killed an orc knight
  1005 | D        | Arena points: 1640 (+630) [x9]
  1006 | D        | Reached skill level 17 in Staves
  1017 | D        | Bought a fine cloak for 332 gold pieces
  1017 | D        | Identified the +1 cloak of Geywo {Harm rPois Str+2 Dex+3}
                  | (You bought it in a shop in the Dungeon)
  1017 | D        | Bought a warped hat for 315 gold pieces
  1017 | D        | Identified the +0 hat "Zuysocoga" {rElec MP+9} (You bought
                  | it in a shop in the Dungeon)
  1017 | D        | Bought a pair of smoking boots for 332 gold pieces
  1017 | D        | Identified the +0 pair of boots "Fuyn" {Int+2 Dex+3} (You
                  | bought it in a shop in the Dungeon)
  1057 | D        | Round 8.
  1068 | D        | Noticed a wolf spider
  1070 | D        | Noticed a wolf spider
  1079 | D        | Killed a wolf spider
  1084 | D        | Noticed a steelbarb worm
  1084 | D        | Noticed an orb spider
  1085 | D        | Slain by a wolf spider

Illustrated notes

Levels and vault maps discovered:
D:        arena_sprint

Skill      XL: |  1  2  3  4  5  6  7  8  9 10 11 |
---------------+----------------------------------+-----
Fighting       | 3 4 5 6 7 9 10 12 13 | 13.3
Staves         | 5 6 8 10 11 14 16 17 | 17.6
Throwing       | 2 3 4 5 |  5.9
Dodging        | 4 5 6 7 8 9 10 11 | 11.0
Armour         | 1 2 3 4 5 6 |  6.6
Stealth        | 1 2 |  2.0

Action                     |  1- 3 |  4- 6 |  7- 9 | 10-12 || total
---------------------------+-------+-------+-------+-------++-------
  Melee: Quarterstaff      |     7 |    24 |    70 |    90 ||   191
 Invoke: Berserk           |       |       |     4 |     3 ||     7
         Brothers in Arms  |       |       |     1 |     1 ||     2
         Trog's Hand       |       |       |       |     1 ||     1
    Use: Potion            |     1 |     1 |     1 |       ||     3
 Armour: Leather armour    |     1 |     5 |    15 |    15 ||    36
  Dodge: Dodged            |     4 |    14 |    39 |    63 ||   120
